 Dungeon Crawl Stone Soup version 0.22.1-1-ga44c0e5 (webtiles) character file.

2328 Zephyr the Cleaver (level 9, 0/82 HPs)
             Began as a Deep Dwarf Fighter on Nov 2, 2018.
             Slain by an orc warrior
             ... wielding a +0 trident
              (10 damage)
             ... on level 6 of the Dungeon.
             The game lasted 00:14:30 (4101 turns).

Zephyr the Cleaver (Deep Dwarf Fighter)             Turns: 4101, Time: 00:14:31

Health: 0/82       AC: 11    Str: 23    XL:     9   Next: 19%
Magic:  4/4        EV:  6    Int:  9    God:
Gold:   245        SH: 11    Dex: 12    Spells: 8/8 levels left

rFire    . . .     SeeInvis .   a - +0 war axe
rCold    . . .     Gourm    .   c - +0 shield
rNeg     . . .     Faith    .   e - +0 chain mail
rPois    .         Spirit   .   (no helmet)
rElec    .         Reflect  .   (no cloak)
rCorr    .         Harm     .   z - +0 pair of gloves
MR       +....                  (no boots)
Stlth    ..........             (no amulet)
HPRegen  0.00/turn              (no ring)
MPRegen  0.09/turn              (no ring)

@: non-regenerating
A: damage resistance, heal wounds, sense surroundings 2, no regeneration
a: Heal Wounds


You were on level 6 of the Dungeon.
You were hungry.

You visited 1 branch of the dungeon, and saw 6 of its levels.

You collected 245 gold pieces.

Inventory:

Hand Weapons
 a - a +0 war axe (weapon)
Armour
 c - a +0 shield (worn)
 e - a +0 chain mail (worn)
 j - a +1 ring mail of cold resistance
 z - a +0 pair of gloves (worn)
 E - a +0 large shield
Jewellery
 h - an uncursed ring of stealth {unknown}
 u - an uncursed ring of protection from magic {unknown}
 D - an uncursed ring of wizardry {unknown}
Wands
 y - a wand of enslavement (10)
 A - a wand of iceblast (13)
 B - a wand of digging (10)
Scrolls
 g - a scroll of fear {unknown}
 i - 2 scrolls of amnesia {unknown}
 k - 2 scrolls of teleportation {unknown}
 l - a scroll of noise {unknown}
 m - 5 scrolls of identify {unknown}
 n - 4 scrolls of enchant armour {unknown}
 r - 3 scrolls of enchant weapon {unknown}
 t - a scroll of immolation {unknown}
 v - 2 scrolls of remove curse {unknown}
Potions
 b - 3 potions of flight {unknown}
 d - 2 potions of might
 o - 3 potions of degeneration {unknown}
 p - 2 potions of heal wounds {unknown}
 q - a potion of curing
 s - a potion of lignification {unknown}
 w - a potion of magic {unknown}
 x - 2 potions of mutation {unknown}
 C - a potion of berserk rage {unknown}
Comestibles
 f - 6 rations
 F - a chunk of flesh


   Skills:
 + Level 5.6 Fighting
 * Level 8.8 Axes
 + Level 6.8 Armour
 + Level 6.9 Shields


You had 8 spell levels left.
You didn't know any spells.
Your spell library contained the following spells:

 Spells                   Type           Power        Failure   Level  Hunger
 Beastly Appendage        Tmut           #.....       100%        1    ##.....
 Sticks to Snakes         Tmut           #.......     100%        2    ###....
 Spider Form              Tmut/Pois      #.........   100%        3    ####...
 Ice Form                 Ice/Tmut       #.......     100%        4    #####..
 Blade Hands              Tmut           #.........   100%        5    ######.


Dungeon Overview and Level Annotations

Branches:
Dungeon (6/15)
 Temple: D:4-7

Altars:
Dithmenos
Okawaru
Zin


Innate Abilities, Weirdness & Mutations

You are resistant to damage.
You can heal yourself by infusing magical energy.
You passively map the area around you.
You do not regenerate.


Message History

You swing at nothing.
You block the orc warrior's attack.
You swing at nothing.
The orc warrior hits you from afar with a trident!
* * * LOW HITPOINT WARNING * * *
You block the orc warrior's attack.
Things that are here:
a club; a leather armour; an orc corpse You slash the orc warrior!
The orc warrior is moderately wounded.
The orc warrior hits you with a trident.
* * * LOW HITPOINT WARNING * * *
You hit the orc warrior.
The orc warrior is heavily wounded.
The orc warrior hits you with a trident.
You barely miss the orc warrior.
The orc warrior is heavily wounded.
The orc warrior hits you but does no damage.
You fail to use your ability.
The orc warrior hits you with a trident!
You die... * * ,,, * * , ..(.# * ,* oo.. , , * ooo#

* * * ...# *
*.a..# #...#
#####...#
#..@ol..#
##'###...#
#....#...#
#....#...#
#....'.>.#
#....###.###
#....# #...#
############.#
#............#


You could see an orc warrior and an iguana.

Vanquished Creatures
  The ghost of Frank the Shield-Bearer, a novice GrFi of the Shining One (D:4)
  Grinder (D:3)
  Prince Ribbit (D:5)
  Sigmund (D:3)
  Menkaure (D:4)
  Duvessa (D:4)
  A sky beast (D:5)
  The ghost of Danetta the Skirmisher, an amateur MiFi of Gozag (D:4)
  2 ogres (D:5)
  2 centaurs (D:5)
  The ghost of Ymberto the Changer, an amateur OpTm (D:4)
  Dowan (D:4)
  A howler monkey (D:2)
  2 crimson imps
  3 orc priests
  2 orc wizards (D:5)
  A bullfrog skeleton (D:5)
  A centaur skeleton (D:4)
  Ijyb (D:4)
  Natasha (D:3)
  Terence (D:3)
  2 worker ants
  A hound skeleton (D:5)
  Robin (D:2)
  A worker ant zombie (D:5)
  4 gnolls (D:3)
  6 adders
  An ooze (D:3)
  4 worms
  4 dart slugs
  9 orcs
  7 bats
  6 giant cockroaches
  12 goblins
  9 hobgoblins
  15 jackals
  4 kobolds
  A quokka (D:3)
  A ball python (D:2)
  8 frilled lizards
  12 rats
135 creatures vanquished.

Notes
Turn   | Place    | Note
-------+----------+-------------------------------------------
     0 | D:1      | Zephyr the Deep Dwarf Fighter began the quest for the Orb.
     0 | D:1      | Reached XP level 1. HP: 20/20 MP: 1/1
   291 | D:1      | Reached XP level 2. HP: 24/27 MP: 2/2
   913 | D:2      | Found an iron altar of Okawaru.
   921 | D:2      | Reached skill level 3 in Axes
   921 | D:2      | Reached XP level 3. HP: 28/33 MP: 3/3
  1057 | D:2      | Noticed Robin
  1079 | D:2      | Reached XP level 4. HP: 28/42 MP: 4/4
  1086 | D:2      | Killed Robin
  1433 | D:2      | Reached skill level 4 in Axes
  1484 | D:3      | Reached XP level 5. HP: 40/49 MP: 5/5
  1512 | D:3      | Noticed Natasha
  1551 | D:3      | Killed Natasha
  1591 | D:3      | Found a shadowy altar of Dithmenos.
  1699 | D:3      | Found a glowing silver altar of Zin.
  1773 | D:3      | Noticed Sigmund
  1781 | D:3      | Killed Sigmund
  1781 | D:3      | Reached skill level 5 in Axes
  1781 | D:3      | Reached XP level 6. HP: 42/57 MP: 3/3
  1817 | D:3      | Noticed Terence
  1822 | D:3      | Killed Terence
  1916 | D:3      | Noticed Grinder
  1927 | D:3      | Killed Grinder
  1927 | D:3      | Reached skill level 5 in Shields
  1927 | D:3      | Reached XP level 7. HP: 38/64 MP: 4/4
  2049 | D:4      | Noticed Ijyb
  2053 | D:4      | Killed Ijyb
  2053 | D:4      | Reached skill level 5 in Armour
  2070 | D:4      | Noticed Dowan
  2073 | D:4      | Noticed Duvessa
  2088 | D:4      | Killed Duvessa
  2088 | D:4      | Reached skill level 6 in Axes
  2095 | D:4      | Killed Dowan
  2363 | D:4      | Found a runed gate.
  2364 | D:4      | Found a runed gate.
  2364 | D:4      | Found a runed gate.
  2364 | D:4      | Noticed Frank's ghost (novice GrFi)
  2367 | D:4      | Noticed Ymberto's ghost (amateur OpTm)
  2367 | D:4      | Noticed Danetta's ghost (amateur MiFi)
  2386 | D:4      | Killed Frank's ghost
  2386 | D:4      | Reached XP level 8. HP: 61/73 MP: 4/4
  2388 | D:4      | Killed Danetta's ghost
  2388 | D:4      | Reached skill level 7 in Axes
  2390 | D:4      | Killed Ymberto's ghost
  2682 | D:4      | Noticed Menkaure
  2691 | D:4      | Killed Menkaure
  3048 | D:5      | Entered Level 5 of the Dungeon
  3061 | D:5      | Reached skill level 5 in Fighting
  3184 | D:5      | Reached skill level 8 in Axes
  3341 | D:5      | Noticed Prince Ribbit
  3359 | D:5      | Killed Prince Ribbit
  3359 | D:5      | Gained mutation: You passively map the area around you.
                  | [Deep Dwarf growth]
  3359 | D:5      | Reached XP level 9. HP: 45/81 MP: 4/4
  4101 | D:6      | Slain by an orc warrior

Skill      XL: |  1  2  3  4  5  6  7  8 |
---------------+-------------------------+-----
Axes           | 3 4 5 6 8 |  8.8
Fighting       | 3 4 5 |  5.6
Armour         | 4 5 6 |  6.8
Shields        | 4 5 6 |  6.9

Action                   |  1- 3 |  4- 6 |  7- 9 || total
-------------------------+-------+-------+-------++-------
Melee: War axe           |   150 |   151 |   221 ||   522
 Abil: Heal Wounds       |       |     4 |    10 ||    14
  Eat: Chunk             |     1 |     3 |     7 ||    11
Armor: Chain mail        |   104 |    98 |   107 ||   309
       Scale mail        |     4 |       |       ||     4
Dodge: Dodged            |    46 |    46 |    52 ||   144
Block: Shield            |   106 |    74 |   134 ||   314
       Large shield      |       |       |    17 ||    17
